 Dungeon Crawl Stone Soup version 0.31-a0-187-gba352fbbf7 (webtiles) character file.

Game seed: 13392514137544356747

32 qw the Shooter (level 3, 0/20 HPs)
             Began as a Deep Elf Hunter on June 22, 2023.
             Succumbed to their own poison gas
             ... on level 1 of the Dungeon.
             The game lasted 00:00:20 (788 turns).

qw the Shooter (Deep Elf Hunter)                     Turns: 788, Time: 00:00:20

Health: 0/20       AC:  7    Str: 10    XL:     3   Next: 10%
Magic:  5/5        EV: 11    Int: 13    God:
Gold:   16         SH:  0    Dex: 18    Spells: 2/2 levels left

rFire   . . .        Y - +0 shortbow
rCold   . . .        (shield currently unavailable)
rNeg    . . .        f - +0 ring mail
rPois   .            d - +0 helmet
rElec   .            (no cloak)
rCorr   .            (no gloves)
SInv    .            e - +0 pair of boots
Will    .....        (no amulet)
Stlth   +            (no ring)
HPRegen 0.23/turn    (no ring)
MPRegen 0.09/turn

%: no passive effects
@: lethally poisoned (0 -> -6)
A: no striking features
a: no special abilities


You were on level 1 of the Dungeon.
You visited 1 branch of the dungeon, and saw 1 of its levels.

You collected 16 gold pieces.


   Skills:
 - Level 1.5 Fighting
 + Level 6.7 Ranged Weapons
 - Level 2.4 Dodging
 - Level 1.2 Stealth


You had 2 spell levels left.
You didn't know any spells.
Your spell library was empty.

Inventory:

Hand Weapons
 Y - a +0 shortbow (weapon)
Armour
 d - a +0 helmet (worn)
 e - a +0 pair of boots (worn)
 f - a +0 ring mail (worn)

Dungeon Overview and Level Annotations

Branches:
Dungeon (1/15)

Altars:


Message History

781 ||| READING scroll labelled SOLEISONIF.
The air fills with toxic fumes!
As you read the scroll labelled SOLEISONIF, it crumbles to dust.
It was a scroll of poison.
Done exploring.
782 ||| READING scroll labelled CILUOCV DUROV.
As you read the scroll labelled CILUOCV DUROV, it crumbles to dust.
It is a scroll of enchant armour.
Really abort (and waste the scroll)?
Done exploring.
783 ||| DROPPING scroll of butterflies.
You drop a scroll of butterflies.
Done exploring.
(D) Dungeon
Where to? (* - list waypoints, ? - help)
What level of the Dungeon? (default 1, ? - help) Sorry, I don't know how to get there.
Enter note:
Enter note:
Enter note:
Enter note:
Enter note:
Enter note:
Enter note:
Enter note:
Enter note:
Enter note:
Enter note:
Enter note: Really walk into that cloud of poison gas?
You are engulfed in poison gas.
You are poisoned.
You feel very sick.
785 ||| Stepping ~*~*~tactically~*~*~ (cloud).
You feel very sick.
You see here a scroll of butterflies.
There is a lethal amount of poison in your body!
You feel sick.
There is a lethal amount of poison in your body!
You feel sick.
There is a lethal amount of poison in your body!
You die...

.#.#.#....# #.#.##.##.#.##
..........########.#.##.......#
.#.#.#....########.#.#######.##
..........########.#.........#
.#.#.#....########.#########.#
........>..........#########.#
...........................#.#
####+###.#################.#.#
##.......¤0¤0000@¤00¤¤¤# #.#.#
<#....##.#############¤# #.#.#
##....##.####......###.# #.#%#
#....##.####.####.###.# #.#.#
#....##.####.#.##.###.# #.#.#
#....##.####.#....###.# #.#.#
#....##.####.#......#.# #.#.#
##.#+###.####.######.#.###.#)#
##.#.# #.####............#.#.#


There were no monsters in sight!

Vanquished Creatures
  3 dart slugs (D:1)
  2 bats (D:1)
  3 endoplasms (D:1)
  2 giant cockroaches (D:1)
  A hobgoblin (D:1)
  3 jackals (D:1)
  A quokka (D:1)
  3 ball pythons (D:1)
  A frilled lizard (D:1)
  4 kobolds (D:1)
  A rat (D:1)
24 creatures vanquished.

Notes
Turn   | Place    | Note
-------+----------+-------------------------------------------
     0 | D:1      | qw the Deep Elf Hunter began the quest for the Orb.
     0 | D:1      | Reached XP level 1. HP: 12/12 MP: 3/3
     0 | D:1      | 0 ||| qw: Version: 0.3-a-9-g12657ce
     0 | D:1      | 0 ||| qw: Game counter: 2417
     0 | D:1      | 0 ||| qw: Always use a shield: true
     0 | D:1      | 0 ||| qw: God list: Okawaru
     0 | D:1      | 0 ||| qw: Allow faded altars: false
     0 | D:1      | 0 ||| qw: Do Orc after D:15 true
     0 | D:1      | 0 ||| qw: Do second Lair branch before Depths: true
     0 | D:1      | 0 ||| qw: Lair rune preference: random
     0 | D:1      | 0 ||| qw: Plans: Normal
     0 | D:1      | 0 ||| PLANNING D:1-11
   373 | D:1      | Reached skill level 6 in Ranged Weapons
   373 | D:1      | Reached XP level 2. HP: 16/16 MP: 4/4
   513 | D:1      | Found a faded altar of an unknown god.
   543 | D:1      | 543 ||| UPGRADING to +0 helmet.
   556 | D:1      | 556 ||| UPGRADING to +0 pair of boots.
   561 | D:1      | 561 ||| UPGRADING to +0 ring mail.
   571 | D:1      | 571 ||| DROPPING +0 leather armour.
   653 | D:1      | Reached XP level 3. HP: 20/20 MP: 5/5
   780 | D:1      | 780 ||| READING scroll labelled HOUMIF PILERE.
   781 | D:1      | 781 ||| READING scroll labelled SOLEISONIF.
   782 | D:1      | 782 ||| READING scroll labelled CILUOCV DUROV.
   783 | D:1      | 783 ||| DROPPING scroll of butterflies.
   785 | D:1      | 785 ||| Stepping ~*~*~tactically~*~*~ (cloud).
   785 | D:1      | HP: 5/20 [poisoned by you (poison gas)]
   787 | D:1      | HP: 2/20 [poisoned by you (poison gas)]
   788 | D:1      | Succumbed to their own poison gas

Levels and vault maps discovered:
D:1:      amcnicky_arrival_choice, layout_basic, serial_glass, glass_columns_b,
          glass_columns_c, glass_columns_a, glass_columns_b, glass_columns_a,
          glass_columns_b, shapermc_ecumenical_altar_acropolis

Skill      XL: |  1 |
---------------+----+-----
Ranged Weapons | 6 |  6.7
Fighting       | |  1.5
Dodging        | |  2.4
Stealth        | |  1.2

Action                     || total
---------------------------++-------
   Fire: Shortbow          ||    71
    Use: Scroll            ||     3
 Armour: Leather armour    ||     2
         Ring mail         ||     1
  Dodge: Dodged            ||     8

Table legend:
 A = Non-vault XP
 B = Vault XP
 C = Vault XP percentage of total XP
 D = Non-vault monster count
 E = Vault monster count
 F = Vault count percentage of total count
                 A         B        C        D         E       F
            +---------+---------+-------+---------+---------+-------
      Total |      47 |       0 |   0.0 |      24 |       0 |   0.0
            +---------+---------+-------+---------+---------+-------
        D:1 |      47 |       0 |   0.0 |      24 |       0 |   0.0
            +---------+---------+-------+---------+---------+-------
